 Dungeon Crawl Stone Soup version 0.30-a0-1116-gebefce21f7 (webtiles) character file.

Game seed: 335188400582249773

1687 BlueFish the Covert (level 9, -4/58 HPs)
             Began as an Octopode Artificer on Apr 21, 2023.
             Slain by a steam dragon (10 damage)
             ... on level 7 of the Dungeon.
             The game lasted 00:16:58 (7138 turns).

BlueFish the Covert (Octopode Artificer)            Turns: 7138, Time: 00:16:58

Health: -4/58      AC:  1    Str: 15    XL:     9   Next: 2%
Magic:  9/9        EV: 14    Int: 13    God:
Gold:   428        SH:  5    Dex: 13    Spells: 5/8 levels left

rFire   . . .      SeeInvis .    a - +1 mace
rCold   . . .      Faith    .    (no shield)
rNeg    . . .      Spirit   .    (helmet restricted)
rPois   .          Reflect  +    g - amulet of reflection
rElec   .          Rampage  .    o - ring of resist corrosion
rCorr   +                        (no ring)
Will    .....                    (no ring)
Stlth   +++++                    (no ring)
HPRegen 0.29/turn                (no ring)
MPRegen 0.11/turn                (no ring)
                                 (no ring)
                                 (no ring)

@: no status effects
A: almost no armour, amphibious, 8 rings, camouflage 1, gelatinous body 1,
(nimble swimmer 1), tentacles
a: no special abilities


You were on level 7 of the Dungeon.
You visited 2 branches of the dungeon, and saw 8 of its levels.
You also visited: Ossuary.

You collected 428 gold pieces.

Inventory:

Hand Weapons
 a - a +1 mace (weapon)
 b - a +0 sling
 j - a +0 club
 s - a +0 whip
 D - a +0 dire flail
 F - a +0 flail
Missiles
 h - 25 stones (quivered)
 w - 10 poisoned darts
Jewellery
 g - an amulet of reflection (around mantle)
 m - a ring of ice
 o - a ring of resist corrosion (left tentacle)
 q - a ring of fire
 G - a ring of magical power
Wands
 c - a wand of charming (12)
 E - a wand of flame (8)
Scrolls
 e - 2 scrolls of teleportation
 f - a scroll of torment
 p - a scroll of poison {unknown}
 r - a scroll of immolation {unknown}
 u - a scroll of fear {unknown}
 x - a scroll of enchant weapon
 y - a scroll of summoning
 z - 2 scrolls of magic mapping
 C - a scroll of fog {unknown}
 I - a scroll of silence {unknown}
Potions
 i - 6 potions of lignification
 k - 2 potions of haste
 l - 4 potions of attraction
 n - 4 potions of flight
 t - 5 potions of heal wounds
 v - 2 potions of curing
 A - a potion of brilliance {unknown}
 B - a potion of degeneration {unknown}
 H - a potion of mutation {unknown}


   Skills:
 + Level 4.1 Fighting
 + Level 3.9 Maces & Flails
 + Level 3.8 Throwing
 + Level 4.8 Dodging
 * Level 8.5 Stealth
 * Level 1.1 Hexes
 + Level 5.5 Evocations


You had 5 spell levels left.
You knew the following spells:

 Your Spells              Type           Power      Damage    Failure   Level
a - Confusing Touch       Hex            2%         N/A       52%         3

Your spell library contained the following spells:

 Spells                   Type           Power      Damage    Failure   Level
 Slow                     Hex            8%         N/A       21%         1
 Apportation              Tloc           0%         N/A       30%         1
 Necrotise                Necr           0%         1d4       30%         1
 Summon Small Mammal      Summ           0%         N/A       30%         1
 Summon Guardian Golem    Hex/Summ       1%         N/A       58%         3
 Call Canine Familiar     Summ           0%         N/A       67%         3
 Gell's Gravitas          Tloc           0%         N/A       67%         3
 Teleport Other           Tloc           0%         N/A       67%         3
 Vampiric Draining        Necr           0%         2d6       67%         3
 Alistair's Intoxication  Tmut/Pois      0%         N/A       100%        5
 Dispersal                Tloc           0%         N/A       100%        6


Dungeon Overview and Level Annotations

Branches:
Dungeon (7/15)             Temple (1/1) D:7         Ossuary (visited)

Altars:
Ashenzari
Cheibriados
Dithmenos
Gozag
Nemelex Xobeh
Okawaru
Qazlal
Ru
Sif Muna
Vehumet
Xom
Yredelemnul
Zin
The Shining One

Shops:
D:5 [

Annotations:
D:3 3 runed translucent doors, BlueFalcon's ghost, weakling DsHW
D:5 2 transporters


Innate Abilities, Weirdness & Mutations

You cannot wear most types of armour.
You are amphibious.
You can wear up to eight rings at the same time.
Your skin changes colour to match your surroundings (Stealth+).
Your rubbery body absorbs attacks. (AC +1, EV +1)
((You are camouflaged when in or above water. (Stealth+)))
You have tentacles for arms and can constrict up to eight enemies at once.


Message History

Press: ? - help, Shift-Dir - straight line, f - steam dragon
Aim: a steam dragon The mass of ice explodes!
The iceblast engulfs the steam dragon!
The steam dragon is heavily wounded.
The now-empty wand crumbles to dust.
You hit the steam dragon.
The steam dragon is heavily wounded.
The steam dragon bites you! The steam dragon claws you.
You hit the steam dragon.
You squeeze the steam dragon, but do no damage.
The steam dragon is heavily wounded.
The steam dragon breathes steam at you. The ball of steam hits you.
You block the steam dragon's attack. The steam dragon claws you.
You hit the steam dragon.
The steam dragon is severely wounded.
The steam dragon barely misses you. The steam dragon misses you.
You hit the steam dragon.
The steam dragon is severely wounded.
The steam dragon breathes steam at you. The ball of steam hits you!
The steam dragon bites you. The steam dragon completely misses you.
The steam dragon bites you!
* * * LOW HITPOINT WARNING * * *
The steam dragon claws you.
* * * LOW HITPOINT WARNING * * *
You hit the steam dragon.
You squeeze the steam dragon, but do no damage.
The steam dragon is severely wounded.
The steam dragon closely misses you. You block the steam dragon's attack.
You hit the steam dragon. You squeeze the steam dragon.
The steam dragon is almost dead.
The steam dragon bites you.
* * * LOW HITPOINT WARNING * * *
The steam dragon barely misses you.
You barely miss the steam dragon.
You squeeze the steam dragon, but do no damage.
The steam dragon is almost dead.
The steam dragon bites you!
You die...

##### # ....... ##
#........ .## ##........
..## #......... #..#
#........ ##.##
##.......# ##..##
#.....# ..#..## #.@..§#
...#..## ##.D.§.#
...##..# #....§##
....#..## #.....##.#
....##..## ##.........#
.....##..## #...........
.....##...###...........
###..###...##...........
#..# ##..........#....


You could see a steam dragon.

Vanquished Creatures
  A steam dragon (D:6)
  An orc warrior (D:6)
  An ice beast (D:6)
  3 ogres
  2 elf zombies (Ossuary)
  2 scorpions
  2 howler monkeys
  A human zombie (Ossuary)
  4 hounds
  5 orc priests
  2 jellies
  A gnoll bouda (D:7)
  5 iguanas
  2 orc wizards
  4 mummies (Ossuary)
  5 gnolls
  4 adders
  A shadow imp (D:7)
  A white imp (D:7)
  An ufetubus (D:3)
  An adder zombie (Ossuary)
  2 dart slugs (D:1)
  17 orcs
  3 bats
  4 endoplasms
  3 goblins
  2 hobgoblins
  3 quokkas
  6 ball pythons
  6 frilled lizards
  A goblin zombie (Ossuary)
  A hobgoblin zombie (Ossuary)
  2 jackal zombies (Ossuary)
  6 kobolds
  A kobold zombie (Ossuary)
  2 rats (D:3)
  3 rat zombies (Ossuary)
111 creatures vanquished.

Notes
Turn   | Place    | Note
-------+----------+-------------------------------------------
     0 | D:1      | BlueFish the Octopode Artificer began the quest for the
                  | Orb.
     0 | D:1      | Reached XP level 1. HP: 13/13 MP: 1/1
   217 | D:1      | Reached skill level 2 in Stealth
   217 | D:1      | Reached XP level 2. HP: 18/18 MP: 2/2
  1308 | D:2      | Reached XP level 3. HP: 19/23 MP: 3/3
  1537 | D:3      | Reached skill level 1 in Maces & Flails
  1537 | D:3      | Reached skill level 3 in Stealth
  1537 | D:3      | Reached XP level 4. HP: 16/28 MP: 4/4
  1704 | D:3      | Found a runed translucent gate.
  1704 | D:3      | Found a runed translucent gate.
  1704 | D:3      | Found a runed translucent gate.
  1840 | D:3      | Reached skill level 1 in Throwing
  2074 | D:3      | Noticed BlueFalcon's ghost (weakling DsHW)
  2506 | D:3      | Found a glowing silver altar of Zin.
  2643 | D:4      | Reached XP level 5. HP: 29/34 MP: 5/5
  2759 | D:4      | Found a sand-covered staircase.
  2768 | Ossuary  | Entered an ossuary
  2791 | Ossuary  | HP: 1/34 [elf zombie (3)]
  2871 | Ossuary  | Reached skill level 4 in Stealth
  2895 | Ossuary  | Reached XP level 6. HP: 23/39 MP: 6/6
  2972 | Ossuary  | Reached skill level 5 in Stealth
  3406 | D:4      | Identified the +0 cloak of the Farmer {Int+4}
  3514 | D:4      | Reached XP level 7. HP: 45/45 MP: 7/7
  3966 | D:4      | Reached skill level 6 in Stealth
  4122 | D:5      | Entered Level 5 of the Dungeon
  4156 | D:5      | Found a transporter.
  4156 | D:5      | Found Hyupicw's Antique Armour Shoppe.
  4363 | D:5      | Found a radiant altar of Vehumet.
  4628 | D:5      | Found a transporter.
  4852 | D:6      | Reached XP level 8. HP: 52/52 MP: 8/8
  4920 | D:6      | Reached skill level 7 in Stealth
  4920 | D:6      | Reached skill level 5 in Evocations
  5793 | D:6      | Reached skill level 8 in Stealth
  6480 | D:7      | Found a stormy altar of Qazlal.
  6485 | D:7      | Learned a level 3 spell: Confusing Touch
  6578 | D:7      | Found a staircase to the Ecumenical Temple.
  6605 | Temple   | Entered the Ecumenical Temple
  6824 | D:7      | Reached XP level 9. HP: 35/58 MP: 9/9
  6829 | D:7      | Reached skill level 1 in Hexes
  7138 | D:7      | Slain by a steam dragon

Illustrated notes

Levels and vault maps discovered:
D:1:      lightli_arrival_windingriver, layout_basic
D:2:      layout_rooms
D:3:      layout_basic, zin_scriptorium, gammafunk_ghost_split,
          minmay_splitting_lines
D:4:      layout_gridville, enter_ossuary_1
D:5:      layout_cave_pools, old_standard_altar, serial_shops,
          nicolae_shop_drivethru
D:6:      layout_basic, serial_co_window_serial, co_window_corner_a,
          co_window_paths_a, co_window_corner_a, co_window_paths_a,
          co_window_paths_b, co_window_paths_b, co_window_corner_a,
          co_window_corner_b, co_window_corner_ca, co_window_unsneaky_path_a,
          glass_columns_a, glass_columns_a
D:7:      layout_cave_pods, elyvilon_altar_5,
          mainiacjoe_overflow_surrounded_room, minmay_temple_entry_junction,
          gammafunk_ghost_necromancy, abandoned_shop
Temple:   jpeg_temple_clearing

Skill      XL: |  1  2  3  4  5  6  7  8  9 |
---------------+----------------------------+-----
Stealth        | 2 3 4 5 6 8 |  8.5
Maces & Flails | 1 2 3 |  3.9
Throwing       | 1 2 3 |  3.8
Dodging        | 3 4 |  4.8
Fighting       | 2 3 4 |  4.1
Evocations     | 4 5 |  5.5
Hexes          | 1 |  1.1

Action                     |  1- 3 |  4- 6 |  7- 9 || total
---------------------------+-------+-------+-------++-------
  Melee: Club              |    25 |       |       ||    25
         Tentacles         |    13 |    32 |    48 ||    93
         Constrict         |    12 |    29 |    41 ||    82
         Whip              |    25 |   108 |    54 ||   187
         Punch             |     2 |     3 |     2 ||     7
         Mace              |       |       |    89 ||    89
   Fire: Sling             |       |       |     1 ||     1
  Throw: Stone             |       |     3 |    10 ||    13
         Dart              |       |     3 |    33 ||    36
  Evoke: Wand              |       |     9 |     6 ||    15
    Use: Scroll            |       |     5 |     6 ||    11
   Stab: Sleeping          |    10 |     5 |     4 ||    19
 Armour: Skin              |     4 |     5 |     3 ||    12
  Dodge: Dodged            |    24 |    50 |    71 ||   145
  Block: Other             |    15 |    20 |    24 ||    59

Table legend: (Time is in decaauts)
 A = Elapsed time spent in this place.
 B = Non-inter-level travel time spent in this place.
 C = Inter-level travel time spent in this place.
 D = Time resting spent in this place.
 E = Time spent auto-exploring this place.
 F = Levels seen in this place.
 G = Mean time per level.
                   A        B        C        D        E       F      G
               +--------+--------+--------+--------+--------+-----+--------+
         Total |   7156 |   6988 |    168 |    288 |   5170 |   9 |  795.1 |
       Dungeon |   6457 |   6315 |    142 |     84 |   4923 |   7 |  922.4 |
        Temple |    181 |    155 |     26 |      0 |    142 |   1 |  181.0 |
       Ossuary |    518 |    518 |      0 |    204 |    105 |   1 |  518.0 |
               +--------+--------+--------+--------+--------+-----+--------+

Top non-repeatable levels by time:
     D:6: 1595 daAuts
     D:3: 1070 daAuts
     D:4: 1047 daAuts
     D:1: 950 daAuts
     D:7: 650 daAuts
     D:5: 600 daAuts
     D:2: 542 daAuts
 Ossuary: 518 daAuts
  Temple: 181 daAuts
